 Dungeon Crawl Stone Soup version 0.19-a0-1821-g42c593c (webtiles) character file.

52 Ijustatesigmund the Magician (level 3, -5/16 HPs)
             Began as a Spriggan Wizard on Oct 6, 2016.
             Killed from afar by Natasha (9 damage)
             ... with a magic dart
             ... on level 2 of the Dungeon.
             The game lasted 00:05:57 (1775 turns).

Ijustatesigmund the Magician (Spriggan Wizard)      Turns: 1775, Time: 00:05:57

Health: -5/16      AC:  3    Str:  3    XL:     3   Next: 60%
Magic:  2/11       EV: 18    Int: 20    God:
Gold:   74         SH:  0    Dex: 14    Spells: 4 memorised, 5 levels left

rFire  . . .     SeeInvis +     k - +0 short sword
rCold  . . .     Gourm    .     a - +0 robe
rNeg   . . .     Faith    .     (shield restricted)
rPois  .         Spirit   .     b - +0 hat
rElec  .         Dismiss  .     n - +0 cloak
rCorr  .         Reflect  .     (gloves unavailable)
MR     .....     Harm     .     (boots unavailable)
Stlth  ++........               (no amulet)
                                (no ring)
                                (no ring)

@: repel missiles, very quick
A: unfitting armour, see invisible, herbivore 3, speed 3, slow metabolism 2
a: no special abilities


You were on level 2 of the Dungeon.
You were not hungry.

You visited 1 branch of the dungeon, and saw 2 of its levels.

You collected 74 gold pieces.

Inventory:

Hand Weapons
 k - a +0 short sword (weapon)
Missiles
 h - 23 sling bullets
 m - 3 curare-tipped needles
Armour
 a - a +0 robe (worn)
 b - a +0 hat (worn)
 n - a +0 cloak (worn)
Scrolls
 i - 3 scrolls of remove curse
 l - a scroll of recharging
Potions
 e - a potion of agility {unknown}
 f - 3 potions of flight {unknown}
 g - a potion of berserk rage {unknown}
 j - a potion of haste {unknown}
Books
 c - a book of Minor Magic

   Spells                             Type                      Level
   a - Magic Dart                     Conjuration                  1
   b - Blink                          Translocation                2
   c - Call Imp                       Summoning                    2
   d - Repel Missiles                 Charms/Air                   2
   e - Slow                           Hexes                        2
   f - Conjure Flame                  Conjuration/Fire             3
   g - Mephitic Cloud                 Conjuration/Poison/Air       3
Comestibles
 d - 3 bread rations


   Skills:
 - Level 3.0 Dodging
 - Level 3.0 Stealth
 + Level 5.8 Spellcasting
 - Level 0.6 Conjurations
   Level 0.7 Summonings
 - Level 1.5 Translocations


You had 5 spell levels left.
You knew the following spells:

 Your Spells              Type           Power        Failure   Level  Hunger
a - Magic Dart            Conj           #...         10%         1    None
b - Blink                 Tloc           N/A          12%         2    None
c - Repel Missiles        Chrm/Air       #.....       21%         2    None
d - Mephitic Cloud        Conj/Pois/Air  #.......     30%         3    ##.....


Dungeon Overview and Level Annotations

Branches:
Dungeon (2/15)

Altars:

Annotations:
D:2 Natasha


Innate Abilities, Weirdness & Mutations

You are very small and have problems with some larger weapons.
You are too small for most types of armour.
You have supernaturally acute eyesight. (SInv)
You are a herbivore.
You cover ground extremely quickly.
You need consume almost no food.


Message History

The hobgoblin is severely wounded.
The hobgoblin completely misses you.
Natasha mumbles some strange words.
You feel troubled.
Natasha mumbles some strange words.
You closely miss the hobgoblin.
The hobgoblin is severely wounded.
The hobgoblin closely misses you. The hobgoblin completely misses you.
Your magical contamination has completely faded away.
You hit the hobgoblin.
You kill the hobgoblin!
Natasha casts a spell at you. The magic dart hits you!
* * * LOW HITPOINT WARNING * * *
A hobgoblin comes into view.
The hobgoblin shouts!
Natasha stares at you and mumbles some strange words.
The magic dart hits you!
Ouch! That really hurt!
You die...

.####.........#. ##...#
##.....#######. #.....
#.......# ##.... #.......#
#..## #......># .. #..#
#......## ...#######..##
#.#...## #..............
#.############...g###.......
#.######...@............)...
#.#..h......................
.
#.#5####.................#..
...
#.....########....###..#####
.....###h#.# #......†.....[#
...555..l#.# #.#...#.#####.#
(####.#### # #.#...#.# ... #
#.....#.# #.## #.....#.#
#...


You could see Natasha and a hobgoblin.

Vanquished Creatures
  An adder (D:2)
  A worm (D:2)
  2 dart slugs
  A leopard gecko (D:1)
  9 hobgoblins
  5 kobolds (D:1)
  2 quokkas (D:2)
  4 bats
  A frilled lizard (D:1)
  6 goblins
  2 rats
34 creatures vanquished.

Notes
Turn   | Place    | Note
-------+----------+-------------------------------------------
     0 | D:1      | Ijustatesigmund the Spriggan Wizard began the quest for the Orb.
     0 | D:1      | Reached XP level 1. HP: 9/9 MP: 6/6
   401 | D:1      | Reached XP level 2. HP: 13/13 MP: 3/8
   445 | D:1      | Learned a level 2 spell: Blink
   448 | D:1      | Learned a level 2 spell: Repel Missiles
   639 | D:1      | Reached skill level 5 in Spellcasting
  1207 | D:2      | Reached XP level 3. HP: 16/16 MP: 7/10
  1628 | D:2      | Learned a level 3 spell: Mephitic Cloud
  1753 | D:2      | Noticed Natasha
  1775 | D:2      | Killed from afar by Natasha

Vault maps used:
D:1:      mrwooster_arrival_arrow
D:2:      uniq_natasha

Skill      XL: |  1  2 |
---------------+-------+-----
Spellcasting   | 5 |  5.8
Dodging        | |  3.0
Stealth        | |  3.0
Conjurations   | |  0.6
Summonings     | |  0.7
Translocations | |  1.5

Action                   || total
-------------------------++-------
Melee: Whip              ||     6
       Short sword       ||    12
 Cast: Magic Dart        ||   102
       Repel Missiles    ||     1
  Use: Scroll            ||     2
 Stab: Sleeping          ||     1
Armor: Robe              ||     4
Dodge: Dodged            ||    35
